 Dungeon Crawl Stone Soup version 0.18-a0-1327-gce91241 (webtiles) character file.

175 Oddball22 the Shooter (level 5, -3/34 HPs)
             Began as a High Elf Hunter on Feb 16, 2016.
             Slain by Gottschkopf's ghost (7 damage)
             ... on level 3 of the Dungeon.
             The game lasted 00:10:11 (2983 turns).

Oddball22 the Shooter (High Elf Hunter)             Turns: 2983, Time: 00:10:12

Health: -3/34      AC:  4    Str: 11    XL:     5   Next: 29%
Magic:  6/6        EV: 13    Int: 14    God:
Gold:   178        SH:  0    Dex: 17    Spells: 0 memorised, 4 levels left

rFire  . . .     SeeInvis .     c - +2 short sword (elec)
rCold  . . .     Gourm    .     q - +0 leather armour
rNeg   . . .     Faith    .     (no shield)
rPois  .         Spirit   .     (no helmet)
rElec  .         Dismiss  .     (no cloak)
rCorr  .         Reflect  .     (no gloves)
SustAt +         Harm     .     w - +0 pair of boots
MR     .....                    (no amulet)
Stlth  +++.......               v - ring of stealth
                                j - ring of sustain attributes

@: exhausted, slowed, very slow, not resistant to hostile enchantments, fairly
stealthy
A: no striking features
a: no special abilities


You were on level 3 of the Dungeon.
You were hungry.

You visited 1 branch of the dungeon, and saw 3 of its levels.

You collected 178 gold pieces.

Inventory:

Hand Weapons
 a - a +1 shortbow
 b - a +1 dagger of venom
 c - a +2 short sword of electrocution (weapon)
Missiles
 d - 13 arrows
Armour
 p - a +2 leather armour of positive energy
 q - a +0 leather armour (worn)
 w - a +0 pair of boots (worn)
Jewellery
 j - a ring of sustain attributes (left hand)
 v - a ring of stealth (right hand)
Scrolls
 e - 2 scrolls of fog {unknown}
 g - 3 scrolls of enchant armour {unknown}
 i - 4 scrolls of remove curse {unknown}
 k - 2 scrolls of teleportation {unknown}
 m - a scroll of blinking {unknown}
 n - a scroll of recharging {unknown}
 o - 2 scrolls of identify {unknown}
 t - a scroll of immolation {unknown}
Comestibles
 f - 2 bread rations
 s - 2 meat rations


   Skills:
 - Level 2.0 Fighting
 + Level 2.4 Short Blades
 * Level 7.1 Bows
 + Level 3.0 Dodging
 + Level 2.9 Stealth


You had 4 spell levels left.
You didn't know any spells.

Dungeon Overview and Level Annotations

Branches:
Dungeon (3/15)

Altars:
Pakellas
Sif Muna
Xom

Annotations:
D:3 Gottschkopf's ghost, amateur DrTm


Message History

You hit Gottschkopf's ghost but do no damage.
You barely miss Gottschkopf's ghost. Gottschkopf's ghost barely misses you.
You miss Gottschkopf's ghost. Gottschkopf's ghost misses you.
You hit Gottschkopf's ghost but do no damage.
You miss Gottschkopf's ghost. Gottschkopf's ghost hits you.
You hit Gottschkopf's ghost.
Gottschkopf's ghost is lightly damaged.
Gottschkopf's ghost hits you!
You hit Gottschkopf's ghost but do no damage.
Gottschkopf's ghost is lightly damaged.
You closely miss Gottschkopf's ghost.
Gottschkopf's ghost is lightly damaged.
You are no longer berserk.
You are exhausted.
You feel yourself slow down.
You are feeling hungry.
Gottschkopf's ghost hits you!
* * * LOW HITPOINT WARNING * * *
Gottschkopf's ghost hits you!
You die...

#.##.#.)........# ##.#
#.....))###.#.### ##..#
####.#.#).....# #...#
#.#.#.##.### ##.##
#.#.#.##.### #.#
#..........# #.#
####..#.##.# ##.##
#..#.##.#######....
#.@#.............#.
#.W####.#######.##. ..
#.......## #.##. #.
#........# #.###
##.#########...# #.###
....# #.).# #.... #.#.#
#...########## #.#.#
#.........#
#...#######.W.#####.####


You could see Gottschkopf's ghost.

Vanquished Creatures
  An orc priest (D:3)
  An orc wizard (D:3)
  4 gnolls (D:3)
  An adder (D:3)
  An ooze (D:2)
  A worm (D:3)
  2 giant geckos
  5 orcs (D:3)
  7 bats
  A giant cockroach (D:2)
  7 goblins
  7 hobgoblins
  4 jackals (D:1)
  8 kobolds
  2 giant newts
  7 rats
59 creatures vanquished.

Notes
Turn   | Place    | Note
--------------------------------------------------------------
     0 | D:1      | Oddball22 the High Elf Hunter began the quest for the Orb.
     0 | D:1      | Reached XP level 1. HP: 14/14 MP: 2/2
   124 | D:1      | Reached XP level 2. HP: 19/19 MP: 3/3
   254 | D:1      | Reached skill level 1 in Short Blades
   487 | D:2      | Found a shimmering altar of Xom.
   613 | D:2      | Reached XP level 3. HP: 24/24 MP: 4/4
  1000 | D:2      | Found an oddly glowing altar of Pakellas.
  1027 | D:2      | Found a shimmering altar of Xom.
  1029 | D:2      | Found a shimmering altar of Xom.
  1029 | D:2      | Found a shimmering altar of Xom.
  1029 | D:2      | Found a shimmering altar of Xom.
  1029 | D:2      | Found a shimmering altar of Xom.
  1071 | D:2      | Reached skill level 6 in Bows
  1518 | D:2      | Found a deep blue altar of Sif Muna.
  1822 | D:3      | Reached XP level 4. HP: 18/29 MP: 5/5
  2068 | D:3      | Noticed Gottschkopf's ghost (amateur DrTm)
  2664 | D:3      | Reached XP level 5. HP: 28/34 MP: 6/6
  2672 | D:3      | Reached skill level 7 in Bows
  2983 | D:3      | Slain by Gottschkopf's ghost

Vault maps used:
D:1:      mrwooster_arrival_statue_2
D:2:      lemuel_doored_altar, lemuel_blue_sif_altar, minmay_statues_item,
          serial_bayou_lagoon_a, small_statue_intersection, xom_redecorated

Action                   |  1- 3 |  4- 6 || total
-------------------------+-------+-------++-------
Melee: Short sword       |    79 |    56 ||   135
       Dagger            |       |    12 ||    12
 Fire: Shortbow          |    47 |     6 ||    53
  Use: Potion            |       |     9 ||     9
 Stab: Sleeping          |     5 |     2 ||     7
  Eat: Chunk             |     3 |     4 ||     7
